 Dungeon Sprint DCSS version 0.30.1-4-g462c640d31 (webtiles) character file.

Game seed: 8154432629962817958

8523 Heoruswealwe the Sorcerer (level 11, -2/48 HPs)
             Began as a Deep Elf Conjurer on Sept 15, 2023.
             Was a High Priest of Vehumet.
             Slain by a demonic crawler (19 damage)
             ... in the Dungeon (Sprint I: "Red Sonja").
             The game lasted 00:28:24 (1559 turns).

Heoruswealwe the Sorcerer (Deep Elf Conjurer)       Turns: 1559, Time: 00:28:25

Health: -2/48      AC:  1    Str:  2    XL:     11   Next: 11%
Magic:  41/41      EV: 12    Int: 26    God:    Vehumet [*****.]
Gold:   652        SH:  0    Dex: 11    Spells: 23/58 levels left

rFire   + . .        a - +0 dagger
rCold   + . .        (no shield)
rNeg    + . .        c - +0 robe
rPois   +            g - -2 hat of the Alchemist {rElec rPois rF+ rC+ rN+ Will+ rMut rCorr}
rElec   +            h - +0 cloak
rCorr   +            f - +0 pair of gloves
SInv    .            (no boots)
Will    ++...        (no amulet)
Stlth   ++           (no ring)
HPRegen 0.28/turn    (no ring)
MPRegen 0.27/turn

%: no teleportation, random rage (3%), resist mutation
@: unable to drink
A: hooves 1, berserk 1, clumsy 1, deformed body, deterioration 2, dopey 1, frail
1, weak 1, subdued magic 3, inability to drink after injury 1, devolution 1
a: Renounce Religion


You were in the Dungeon.
You worshipped Vehumet.
Vehumet was extremely pleased with you.
You visited 1 branch You collected 1200 gold pieces.
You spent 519 gold pieces at shops.
You donated 29 gold pieces to Zin.

Inventory:

Hand Weapons
 a - a +0 dagger (weapon)
Armour
 c - a +0 robe (worn)
 f - a +0 pair of gloves (worn)
 g - the -2 hat of the Alchemist (worn) {rElec rPois rF+ rC+ rN+ Will+ rMut rCorr}
   (You bought it in a shop in the Dungeon)

   rF:        It protects you from fire.
   rC:        It protects you from cold.
   rElec:     It insulates you from electricity.
   rPois:     It protects you from poison.
   rN:        It protects you from negative energy.
   rCorr:     It protects you from acid and corrosion.
   rMut:      It protects you from mutation.
   Will:      It increases your willpower.
 h - a +0 cloak (worn)
 o - the +10 crystal plate armour "Urysutuj" {rN+}
   (You found it in the Dungeon)

   rN:        It protects you from negative energy.
Wands
 j - a wand of quicksilver (6)
Scrolls
 i - a scroll of torment {unknown}
 k - 3 scrolls of enchant armour {unknown}
Potions
 b - 3 potions of magic
 d - 3 potions of curing
 e - a potion of haste
 l - a potion of degeneration {unknown}
 m - 2 potions of ambrosia {unknown}
 n - a potion of brilliance {unknown}


   Skills:
 - Level 2.4 Dodging
 - Level 2.4 Stealth
 + Level 24.0 Spellcasting
 + Level 20.9 Conjurations


You had 23 spell levels left.
You knew the following spells:

 Your Spells              Type           Power      Damage    Failure   Level
a - Magic Dart            Conj           100%       1d8       0%          1
b - Kiss of Death         Conj/Necr      100%       2d13      0%          1
c - Foxfire               Conj/Fire      100%       2x1d9     0%          1
d - Searing Ray           Conj           100%       2d8       0%          2
e - Dazzling Flash        Conj/Hex       90%        N/A       0%          3
f - Stone Arrow           Conj/Erth      90%        3d12      0%          3
g - Iskenderun's Mystic   Conj/Tloc      45%        2d10      0%          4
h - Fulminant Prism       Conj/Hex       22%        3d12      0%          4
i - Sticky Flame          Conj/Fire      45%        2d6       0%          4
j - Freezing Cloud        Conj/Ice/Air   17%        6-21      1%          5
k - Spellforged Servitor  Conj/Summ      22%        N/A       1%          7

Your spell library contained the following spells:

 Spells                   Type           Power      Damage    Failure   Level


Dungeon Overview and Level Annotations

Branches:
Dungeon (1/1)

Altars:
Cheibriados
Dithmenos
Elyvilon
Fedhas
Gozag
Hepliaklqana
Kikubaaqudgha
Makhleb
Nemelex Xobeh
Okawaru
Qazlal
Ru
Sif Muna
Trog
Uskayaw
Vehumet
Wu Jian
Xom
Yredelemnul
Zin
The Shining One
Jiyva
Lugonu

Shops:
D =(![!(??!**!![[!*(=[:


Innate Abilities, Weirdness & Mutations

You have large cloven feet.
You sometimes lose your temper in combat.
You are clumsy. (Dex -2)
Armour fits poorly on your strangely shaped body.
Your body often deteriorates upon taking damage.
You are dopey. (Int -2)
You are frail. (-10% HP)
You are weak. (Str -2)
Your spells are much easier to cast, but much less powerful.
You occasionally lose the ability to drink potions when taking damage.
You have hidden genetic defects.


Message History

You kill the kobold demonologist!
Vehumet accepts your kill.
You feel your power returning.
Casting: Iskenderun's Mystic Blast (safe; 0% risk of failure)
Confirm with . or Enter, or press ? or * to list all spells.
Aiming: Stone Arrow (safe; 0% risk of failure)
Press: ? - help, Shift-Dir - straight line, f - kobold demonologist
Aim: a kobold demonologist, wielding a +0 dagger and wearing a +0 robe (severely wounded, 67% to hit)
The stone arrow misses the kobold demonologist.
The kobold demonologist gestures wildly while chanting.
Casting: Stone Arrow (safe; 0% risk of failure)
Confirm with . or Enter, or press ? or * to list all spells.
Aiming: Stone Arrow (safe; 0% risk of failure)
Press: ? - help, Shift-Dir - straight line, f/p - kobold demonologist
Aim: a kobold demonologist, wielding a +0 dagger and wearing a +0 robe (severely wounded, 67% to hit)
The stone arrow hits the kobold demonologist!!
You kill the kobold demonologist!
Vehumet accepts your kill.
You feel your power returning.
The ynoxinul disappears in a puff of smoke!
Your Spellcasting skill increases to level 24!
You start resting.
HP restored.
You start resting.
Magic restored.
Things that are here:
a +0 dagger; a +0 robe
Things that are here:
a +0 dagger; a +0 robe; a kobold corpse You open the door. 4 demonic crawlers come into view.
The demonic crawler gives a hideous shriek! x4
The demonic crawler hits you!
The demonic crawler completely misses you.
The demonic crawler misses you.
The demonic crawler attacks as you move away!
The demonic crawler hits you. The demonic crawler closely misses you.
The demonic crawler hits you!! x2
You feel threatened and lose the ability to drink potions!
You die...

#####################
.'..#..'..#__#..@ss)#
.#..').#..'..'..#)..##+#
###'#####'#__####..ss..#
##..#...#.####§.#####..+
_####..##[#~§~.§#§.# ##
____##'#_.+~§§§§§§.#
.∩...'..._#~)§§.#.§#
..__##_.#'##+#####'###
____###'#.#....###§'.#


You could see 4 demonic crawlers.

Vanquished Creatures
  2 centaur warriors (D)
  Sonja (D)
  A deep troll (D)
  An oklob plant (D)
  8 shining eyes (D)
  2 kobold demonologists (D)
  A hornet (D)
  A slime creature (D)
  Sigmund (D)
  A yak (D)
  2 redbacks (D)
  6 floating eyes (D)
  An ogre (D)
  7 necrophages (D)
  8 jellies (D)
  Ijyb (D)
44 creatures vanquished.

Vanquished Creatures (others)
  2 ballistomycete spores (D)
  A fulminant prism (D)
3 creatures vanquished.

Grand Total: 47 creatures vanquished

Notes
Turn   | Place    | Note
-------+----------+-------------------------------------------
     0 | D        | Heoruswealwe the Deep Elf Conjurer began the quest for the
                  | Orb.
     0 | D        | Reached XP level 1. HP: 10/10 MP: 6/6
     1 | D        | Noticed Ijyb
    16 | D        | Killed Ijyb
    17 | D        | Reached skill level 6 in Spellcasting
    17 | D        | Reached XP level 2. HP: 15/15 MP: 7/11
    73 | D        | Learned a level 2 spell: Searing Ray
    75 | D        | Noticed an ogre
    81 | D        | Killed an ogre
    82 | D        | Reached skill level 9 in Spellcasting
    82 | D        | Reached XP level 3. HP: 19/19 MP: 5/15
    82 | D        | Reached XP level 4. HP: 24/24 MP: 5/17
    89 | D        | Learned a level 3 spell: Dazzling Flash
    94 | D        | Learned a level 4 spell: Fulminant Prism
    99 | D        | Learned a level 4 spell: Iskenderun's Mystic Blast
   158 | D        | Noticed Sigmund
   161 | D        | Killed Sigmund
   162 | D        | Reached skill level 11 in Spellcasting
   162 | D        | Reached skill level 10 in Conjurations
   162 | D        | Reached XP level 5. HP: 28/28 MP: 14/21
   162 | D        | Reached XP level 6. HP: 32/32 MP: 14/22
   204 | D        | Found an ornate altar of the Wu Jian Council.
   204 | D        | Found a shimmering blue altar of Sif Muna.
   206 | D        | Found a radiant altar of Vehumet.
   209 | D        | Reached skill level 12 in Spellcasting
   239 | D        | Found Pitz's Armour Emporium.
   239 | D        | Found an ancient bone altar of Kikubaaqudgha.
   239 | D        | Found a hazy altar of Hepliaklqana.
   239 | D        | Found a stormy altar of Qazlal.
   239 | D        | Found a hide-covered altar of Uskayaw.
   239 | D        | Found a blossoming altar of Fedhas.
   239 | D        | Found a bloodstained altar of Trog.
   239 | D        | Found an iron altar of Okawaru.
   239 | D        | Found a basalt altar of Yredelemnul.
   239 | D        | Found a glowing golden altar of the Shining One.
   239 | D        | Found a snail-covered altar of Cheibriados.
   239 | D        | Found a sacrificial altar of Ru.
   239 | D        | Found a glowing silver altar of Zin.
   239 | D        | Found a shadowy altar of Dithmenos.
   239 | D        | Found a white marble altar of Elyvilon.
   239 | D        | Noticed a yak
   251 | D        | Killed a yak
   252 | D        | Reached skill level 13 in Spellcasting
   254 | D        | Found an opulent altar of Gozag.
   255 | D        | Found a sparkling altar of Nemelex Xobeh.
   260 | D        | Became a worshipper of Zin the Law-Giver
   260 | D        | Reached * piety under Zin
   260 | D        | Reached ** piety under Zin
   260 | D        | Reached *** piety under Zin
   260 | D        | Reached **** piety under Zin
   260 | D        | Reached ***** piety under Zin
   260 | D        | Reached ****** piety under Zin
   268 | D        | Fell from the grace of Zin
   268 | D        | Became a worshipper of Vehumet
   374 | D        | Found a burning altar of Makhleb.
   374 | D        | Found a viscous altar of Jiyva.
   374 | D        | Found a shimmering altar of Xom.
   374 | D        | Found a corrupted altar of Lugonu.
   374 | D        | Noticed a slime creature
   379 | D        | Killed a slime creature
   380 | D        | Reached skill level 14 in Spellcasting
   380 | D        | Reached XP level 7. HP: 36/36 MP: 15/26
   446 | D        | Noticed Sonja
   451 | D        | HP: 1/36 [asphyx]
   453 | D        | Killed Sonja
   454 | D        | Reached skill level 16 in Spellcasting
   454 | D        | Reached XP level 8. HP: 17/41 MP: 13/30
   618 | D        | Bought the -2 hat of the Alchemist {rElec rPois rF+ rC+ rN+
                  | Will+ rMut rCorr} for 519 gold pieces
   618 | D        | Found the -2 hat of the Alchemist {rElec rPois rF+ rC+ rN+
                  | Will+ rMut rCorr}
   632 | D        | Noticed a deep troll
   645 | D        | Killed a deep troll
   645 | D        | Reached * piety under Vehumet
   645 | D        | Offered knowledge of Kiss of Death by Vehumet.
   646 | D        | Reached skill level 17 in Spellcasting
   646 | D        | Reached skill level 15 in Conjurations
   648 | D        | Learned a level 1 spell: Kiss of Death
   658 | D        | Found Gaitiall's Armour Emporium.
   688 | D        | Found Dufiqame's Jewellery Boutique.
   779 | D        | Noticed a shining eye
   779 | D        | Noticed a shining eye
   779 | D        | Noticed a shining eye
   779 | D        | Noticed a shining eye
   779 | D        | Noticed a shining eye
   779 | D        | Noticed a shining eye
   779 | D        | Gained mutation: Your spells are a little easier to cast,
                  | but a little less powerful. [a shining eye]
   781 | D        | Paralysed by a floating eye for 4 turns
   782 | D        | Gained mutation: You have hidden genetic defects. [a
                  | shining eye]
   783 | D        | Gained mutation: You sometimes lose your temper in combat.
                  | [a shining eye]
   787 | D        | Paralysed by a floating eye for 4 turns
   791 | D        | Gained mutation: Your body sometimes deteriorates upon
                  | taking damage. [a shining eye]
   793 | D        | Reached ** piety under Vehumet
   793 | D        | Offered knowledge of Foxfire by Vehumet.
   794 | D        | Reached skill level 18 in Spellcasting
   794 | D        | Reached XP level 9. HP: 45/45 MP: 23/33
   795 | D        | Killed a shining eye
   796 | D        | Reached skill level 19 in Spellcasting
   797 | D        | Paralysed by a floating eye for 4 turns
   801 | D        | Killed a shining eye
   804 | D        | Gained mutation: You are dopey. (Int -2) [hidden defects]
   805 | D        | Learned a level 1 spell: Foxfire
   847 | D        | Noticed a shining eye
   847 | D        | Noticed a shining eye
   847 | D        | Gained mutation: Your spells are easier to cast, but less
                  | powerful. [a shining eye]
   848 | D        | Killed a shining eye
   848 | D        | Offered knowledge of Stone Arrow by Vehumet.
   848 | D        | Reached *** piety under Vehumet
   849 | D        | Reached skill level 20 in Spellcasting
   852 | D        | Gained mutation: You occasionally lose the ability to drink
                  | potions when taking damage. [a shining eye]
   853 | D        | Gained mutation: Your body often deteriorates upon taking
                  | damage. [a shining eye]
   853 | D        | Gained mutation: You have large cloven feet. [a shining
                  | eye]
   856 | D        | Gained mutation: Armour fits poorly on your strangely
                  | shaped body. [a shining eye]
   857 | D        | Killed a shining eye
   861 | D        | Gained mutation: You are frail. (-10% HP) [a shining eye]
   861 | D        | Gained mutation: You are clumsy. (Dex -2) [a shining eye]
   867 | D        | Learned a level 3 spell: Stone Arrow
   869 | D        | Gained mutation: You are weak. (Str -2) [a shining eye]
   870 | D        | Gained mutation: Your spells are much easier to cast, but
                  | much less powerful. [a shining eye]
   871 | D        | Killed a shining eye
   871 | D        | Offered knowledge of Sticky Flame by Vehumet.
   872 | D        | Reached skill level 21 in Spellcasting
   872 | D        | Reached XP level 10. HP: 45/45 MP: 29/37
   876 | D        | Killed a shining eye
   877 | D        | Killed a shining eye
   877 | D        | Reached **** piety under Vehumet
   878 | D        | Killed a shining eye
   879 | D        | Reached skill level 22 in Spellcasting
   936 | D        | Learned a level 4 spell: Sticky Flame
   945 | D        | Found Ibrutt's Antique Weapon Shoppe.
   945 | D        | Found Exzehola's Distillery.
   945 | D        | Found Houdaca's Distillery.
   945 | D        | Found Niheczi's Antique Weapon Boutique.
  1007 | D        | Noticed a centaur warrior
  1007 | D        | Noticed a centaur warrior
  1016 | D        | Killed a centaur warrior
  1016 | D        | Offered knowledge of Olgreb's Toxic Radiance by Vehumet.
  1020 | D        | Killed a centaur warrior
  1182 | D        | Noticed an oklob plant
  1187 | D        | Killed an oklob plant
  1187 | D        | Reached ***** piety under Vehumet
  1187 | D        | Offered knowledge of Spellforged Servitor by Vehumet.
  1188 | D        | Reached skill level 23 in Spellcasting
  1196 | D        | Learned a level 7 spell: Spellforged Servitor
  1347 | D        | Offered knowledge of Freezing Cloud by Vehumet.
  1348 | D        | Reached XP level 11. HP: 48/48 MP: 33/40
  1368 | D        | Learned a level 5 spell: Freezing Cloud
  1372 | D        | Identified the +10 crystal plate armour "Urysutuj" {rN+}
  1376 | D        | Identified the +3 ring mail of Bedazzled Happiness {rC+
                  | rCorr Int-4}
  1383 | D        | Found Omonun Baij's Magic Scroll Shoppe.
  1383 | D        | Found Ykuikhlecw's Magic Scroll Shop.
  1383 | D        | Found Exalorph's Distillery.
  1389 | D        | Found Esung's Antique Weapon Boutique.
  1389 | D        | Found Zogal's Book Emporium.
  1389 | D        | Found Muhaul's Jewellery Emporium.
  1391 | D        | Found Momo's General Store.
  1391 | D        | Found Jeinoz's Distillery.
  1391 | D        | Found Doliety's Antique Armour Shop.
  1391 | D        | Found Buymyu's Antique Armour Emporium.
  1391 | D        | Found Symujuxt's Distillery.
  1391 | D        | Found Yxaram's Distillery.
  1391 | D        | Found Soeff's General Store.
  1395 | D        | Found Ovailib's General Store.
  1478 | D        | Reached skill level 24 in Spellcasting
  1559 | D        | Slain by a demonic crawler

Illustrated notes

Levels and vault maps discovered:
D:        dungeon_sprint_1 [red_sonja_temple_1, red_sonja_temple_small_1]

Skill      XL: |  1  2  3  4  5  6  7  8  9 10 11 |
---------------+----------------------------------+-----
Spellcasting   | 6 9 11 14 16 18 21 23 24 | 24.0
Conjurations   | 6 8 10 12 14 16 18 20 | 20.9
Dodging        | |  2.4
Stealth        | |  2.4

Action                     |  1- 3 |  4- 6 |  7- 9 | 10-12 || total
---------------------------+-------+-------+-------+-------++-------
  Melee: Unarmed           |    13 |       |       |       ||    13
         Dagger            |       |       |     2 |       ||     2
   Cast: Searing Ray       |     2 |     5 |     3 |       ||    10
         Iskenderun's Myst |       |     6 |    19 |    13 ||    38
         Stone Arrow       |       |       |       |    23 ||    23
         Sticky Flame      |       |       |       |     1 ||     1
         Fulminant Prism   |       |       |       |     1 ||     1
    Use: Potion            |     1 |       |     2 |       ||     3
         Scroll            |     1 |       |       |       ||     1
  Dodge: Dodged            |     8 |     1 |     1 |     9 ||    19
